 Dungeon Crawl Stone Soup version 0.18.1-50-g88ac8fd (webtiles) character file.

2265 Larett the Nimble (level 9, -1/41 HPs)
             Began as a Spriggan Assassin on Oct 12, 2016.
             Slain by an orc warrior
             ... wielding a +0 trident
              (22 damage)
             ... on level 7 of the Dungeon.
             The game lasted 00:19:18 (7801 turns).

Larett the Nimble (Spriggan Assassin)               Turns: 7801, Time: 00:19:19

Health: -1/41      AC:  3    Str:  9    XL:     9   Next: 16%
Magic:  10/10      EV: 25    Int: 13    God:
Gold:   253        SH:  0    Dex: 20    Spells: 0 memorised, 8 levels left

rFire  . . .     SeeInvis +     a - +9 flail of Conformity {holy, *Confuse rN+ Str+2 SInv}
rCold  . . .     Gourm    .     c - +0 robe
rNeg   + . .     Faith    .     (shield restricted)
rPois  .         Spirit   .     (helmet restricted)
rElec  .         Dismiss  .     d - +0 cloak
rCorr  .         Reflect  .     (gloves unavailable)
SustAt .         Harm     .     (boots unavailable)
MR     +....                    G - amulet of rage
Stlth  +++++.....               (no ring)
                                (no ring)

@: very quick, somewhat resistant to hostile enchantments, quite stealthy
A: unfitting armour, see invisible, herbivore 3, speed 3, slow metabolism 2
a: Evoke Berserk Rage


You were on level 7 of the Dungeon.
You were not hungry.

You visited 2 branches of the dungeon, and saw 8 of its levels.

You collected 309 gold pieces.
You spent 56 gold pieces at shops.

Inventory:

Hand Weapons
 a - the +9 flail of Conformity (weapon) {holy, *Confuse rN+ Str+2 SInv}
   (You found it on level 5 of the Dungeon)

   It has been blessed by the Shining One to cause great damage to the undead
   and demons.
   It affects your strength (+2).
   It protects you from negative energy.
   It lets you see invisible.
   It may confuse you when you take damage.
 b - a +0 blowgun
 e - a +2 vampiric spear
 q - a +0 shortbow
 x - a +3 spear of venom
 z - a +3 flail of draining
 H - a +2 short sword of flaming
 L - a +4 dagger
Missiles
 f - 7 curare-tipped needles
 h - 223 stones (quivered)
 m - 30 arrows
 y - 3 poisoned needles
 M - 25 sling bullets
Armour
 c - a +0 robe (worn)
 d - a +0 cloak (worn)
Jewellery
 G - an amulet of rage (around neck)
Wands
 s - a wand of flame (14/48)
 F - a wand of lightning (5/15)
Scrolls
 l - 3 scrolls of remove curse
 o - a scroll of immolation {unknown}
 u - 2 scrolls of teleportation {unknown}
 B - a scroll of enchant weapon {unknown}
 C - 2 scrolls of magic mapping {unknown}
 E - a scroll of blinking {unknown}
 K - 3 scrolls of identify
 N - a scroll of noise {unknown}
Potions
 i - a potion of flight {unknown}
 j - a potion of berserk rage {unknown}
 k - 2 potions of brilliance {unknown}
 n - 2 potions of haste
 p - 3 potions of curing
 r - 3 potions of heal wounds {unknown}
 t - a potion of might {unknown}
 v - 2 potions of ambrosia {unknown}
 A - a potion of invisibility {unknown}
 D - a potion of cure mutation {unknown}
 I - a potion of lignification {unknown}
Comestibles
 g - 5 bread rations
 w - 2 fruits


   Skills:
 - Level 1.5 Fighting
 - Level 5.2 Short Blades
 + Level 6.8 Maces & Flails
 - Level 2.0 Throwing
 - Level 8.4 Dodging
 - Level 8.2 Stealth


You had 8 spell levels left.
You didn't know any spells.

Dungeon Overview and Level Annotations

Branches:
Dungeon (7/15)             Temple (1/1) D:7

Altars:
Ashenzari
Cheibriados
Dithmenos
Elyvilon
Fedhas
Kikubaaqudgha
Pakellas
Ru
Sif Muna
Vehumet
Xom
Yredelemnul
The Shining One

Shops:
D:5 *

Annotations:
D:3 Reauxgg's ghost, amateur DsNe


Innate Abilities, Weirdness & Mutations

You are tiny and cannot use many weapons and most armour.
You have supernaturally acute eyesight.
You are a herbivore.
You cover ground extremely quickly.
You need consume almost no food.


Message History

The orc completely misses you. The orc warrior closely misses you.
The orc misses you.
You hit the orc warrior but do no damage.
The orc warrior is heavily wounded.
The orc closely misses you. The orc warrior misses you.
The orc completely misses you.
You hit the orc.
The orc is heavily wounded.
The orc barely misses you. The orc warrior closely misses you.
The orc completely misses you.
You closely miss the orc.
The orc is heavily wounded.
The orc completely misses you. The orc warrior closely misses you.
The orc hits you.
* * * LOW HITPOINT WARNING * * *
You sock the orc!
You kill the orc!
The orc warrior hits you with a trident!!
Ouch! That really hurt!
You die...

## ###### ####### .#
#....################.....#
.#
#....+...>..........#.....#.
.#
#....#..............#.....#.
.#
#....#....).........#.....#.
.##
#....#....oi........#.....#.
..#
#....#....o...............#.
..#
##...†#####+####.#.#.#.#...#.
..#
#........................###.
.##
#................#.#.#.#...).
.#
#............[)............(.
.#
#..............#.#.#.#.#.....
.#
#..............#.............
.#
#..............#.#.#.#.#.)...


You could see an orc warrior and an orc.

Vanquished Creatures
  A troll (D:5)
  Menkaure (D:6)
  A water moccasin (D:6)
  2 ice beasts (D:5)
  2 phantoms
  An orc warrior (D:6)
  A sky beast (D:7)
  A centaur (D:7)
  3 giant frogs
  A gnoll sergeant (D:7)
  4 scorpions
  3 crimson imps
  2 giant frog zombies
  An orc wizard (D:4)
  An orc priest (D:4)
  3 hounds
  A centaur skeleton (D:4)
  A giant frog skeleton (D:6)
  Jessica (D:3)
  3 iguanas
  2 worker ants
  A worker ant zombie (D:6)
  7 gnolls
  5 adders
  2 shadow imps (D:5)
  4 oozes
  An adder skeleton (D:4)
  2 worms (D:2)
  A dart slug (D:1)
  2 giant geckos
  10 orcs
  3 ball pythons
  7 bats
  7 giant cockroaches
  9 goblins
  8 hobgoblins
  4 jackals (D:5)
  A quokka (D:4)
  A giant cockroach zombie (D:5)
  A giant gecko skeleton (D:4)
  4 giant newts
  A jackal skeleton (D:6)
  12 kobolds
  A quokka skeleton (D:4)
  15 rats
145 creatures vanquished.

Notes
Turn   | Place    | Note
--------------------------------------------------------------
     0 | D:1      | Larett the Spriggan Assassin began the quest for the Orb.
     0 | D:1      | Reached XP level 1. HP: 10/10 MP: 2/2
    20 | D:1      | Reached skill level 6 in Stealth
   304 | D:1      | Reached XP level 2. HP: 11/14 MP: 3/3
   325 | D:1      | HP: 2/14 [ball python (1)]
   342 | D:1      | Reached skill level 7 in Stealth
   932 | D:1      | Reached XP level 3. HP: 15/18 MP: 4/4
  1297 | D:1      | Reached skill level 8 in Stealth
  1487 | D:2      | Reached skill level 2 in Dodging
  1487 | D:2      | Reached XP level 4. HP: 16/22 MP: 5/5
  1748 | D:2      | Reached skill level 3 in Dodging
  1784 | D:2      | Reached skill level 4 in Dodging
  2326 | D:3      | Noticed Reauxgg's ghost (amateur DsNe)
  2416 | D:3      | Noticed Jessica
  2423 | D:3      | Killed Jessica
  2423 | D:3      | Reached skill level 5 in Dodging
  2423 | D:3      | Reached XP level 5. HP: 25/25 MP: 6/6
  2911 | D:3      | Found a deep blue altar of Sif Muna.
  3343 | D:4      | Reached skill level 6 in Dodging
  3368 | D:4      | HP: 5/25 [poisoned by a scorpion]
  3744 | D:4      | Reached skill level 7 in Dodging
  3744 | D:4      | Reached XP level 6. HP: 21/30 MP: 7/7
  4016 | D:4      | HP: 5/30 [orc wizard/puff of frost (9)]
  4023 | D:4      | Reached skill level 8 in Dodging
  4669 | D:5      | Entered Level 5 of the Dungeon
  4676 | D:5      | Found Ceceimof's General Store.
  4679 | D:5      | Bought a scroll of identify for 28 gold pieces
  4679 | D:5      | Bought a scroll of identify for 28 gold pieces
  4726 | D:5      | Noticed an ice beast
  4780 | D:5      | Killed an ice beast
  4780 | D:5      | Reached skill level 3 in Short Blades
  4780 | D:5      | Reached XP level 7. HP: 22/33 MP: 8/8
  4788 | D:5      | Reached skill level 4 in Short Blades
  5099 | D:5      | Reached skill level 5 in Short Blades
  5102 | D:5      | Got a steaming flail
  5103 | D:5      | Identified the +9 flail of Conformity {holy, *Confuse rN+ Str+2 SInv} (You found it on level 5 of the Dungeon)
  5157 | D:5      | Reached skill level 1 in Maces & Flails
  5244 | D:5      | Reached skill level 2 in Maces & Flails
  5283 | D:5      | Noticed a troll
  5478 | D:5      | Killed a troll
  5478 | D:5      | Reached skill level 3 in Maces & Flails
  5478 | D:5      | Reached XP level 8. HP: 25/37 MP: 9/9
  5861 | D:6      | Reached skill level 4 in Maces & Flails
  6287 | D:6      | Reached skill level 5 in Maces & Flails
  6501 | D:6      | Noticed Menkaure
  6506 | D:6      | Killed Menkaure
  6530 | D:6      | HP: 7/37 [poisoned by a water moccasin]
  6537 | D:6      | HP: 6/37 [poisoned by a water moccasin]
  6863 | D:7      | Reached skill level 6 in Maces & Flails
  6885 | D:7      | Found a staircase to the Ecumenical Temple.
  6896 | Temple   | Entered the Ecumenical Temple
  7240 | D:7      | Reached XP level 9. HP: 9/41 MP: 10/10
  7801 | D:7      | Slain by an orc warrior

Skill      XL: |  1  2  3  4  5  6  7  8 |
---------------+-------------------------+-----
Stealth        | 6 7 8 |  8.2
Dodging        | 2 5 7 8 |  8.4
Short Blades   | 3 5 |  5.2
Maces & Flails | 3 6 |  6.8
Fighting       | |  1.5
Throwing       | |  2.0

Action                   |  1- 3 |  4- 6 |  7- 9 || total
-------------------------+-------+-------+-------++-------
Melee: Dagger            |   118 |   155 |    22 ||   295
       Short sword       |       |       |    20 ||    20
       Flail             |       |       |   111 ||   111
 Fire: Blowgun           |    11 |    29 |    34 ||    74
Throw: Stone             |       |    36 |     3 ||    39
Evoke: Wand              |       |     5 |     1 ||     6
  Use: Scroll            |       |     3 |     4 ||     7
       Potion            |       |       |     2 ||     2
 Stab: Sleeping          |    11 |    18 |    12 ||    41
       Distracted        |     1 |     4 |       ||     5
  Eat: Royal jelly       |       |     1 |     1 ||     2
Armor: Robe              |    10 |    13 |     9 ||    32
Dodge: Dodged            |    81 |   148 |   184 ||   413
